 Dungeon Crawl Stone Soup version 0.19-a0-734-ge18daf0 (webtiles) character file.

1316 suvakkihuora the Covert (level 8, 0/56 HPs)
             Began as an Octopode Chaos Knight on June 22, 2016.
             Slain by a phantom (9 damage)
             ... on level 6 of the Dungeon.
             The game lasted 00:14:12 (5176 turns).

suvakkihuora the Covert (Octopode Chaos Knight)     Turns: 5176, Time: 00:14:14

Health: 0/56       AC:  1    Str: 11    XL:     8   Next: 59%
Magic:  18/18      EV: 12    Int: 19    God:    Xom [......]
Gold:   291        SH:  0    Dex: 11    Spells: 1 memorised, 5 levels left

rFire  . . .     SeeInvis .     m - +1 dagger (elec)
rCold  . . .     Gourm    .     (no shield)
rNeg   . . .     Faith    .     (helmet restricted)
rPois  .         Spirit   .     (no amulet)
rElec  .         Dismiss  .     f - ring of magical power
rCorr  .         Reflect  .     (no ring)
SustAt .         Harm     .     (no ring)
MR     .....                    (no ring)
Stlth  +++++.....               (no ring)
                                (no ring)
                                (no ring)
                                (no ring)

@: not resistant to hostile enchantments, quite stealthy
A: almost no armour, amphibious, 8 rings, constrict 8, camouflage 1, clever 1,
gelatinous body 1
a: Renounce Religion


You were on level 6 of the Dungeon.
You worshipped Xom.
You were a very special plaything of Xom.
You were not hungry.

You visited 2 branches of the dungeon, and saw 7 of its levels.

You collected 291 gold pieces.

Inventory:

Hand Weapons
 a - a +0 short sword of chaos
 h - a +1 whip of electrocution
 m - a +1 dagger of electrocution (weapon)
 t - the +0 dagger "Keiboqo" {drain, rPois rF+ Str+4}
   (You found it on level 5 of the Dungeon)

   A truly terrible weapon, it drains the life of those it strikes.
   It affects your strength (+4).
   It protects you from fire.
   It protects you from poison.
 C - a +1 dagger of venom
Missiles
 c - 81 stones
 k - 9 tomahawks (quivered)
Rods
 E - a -1 iron rod (10/10)
   (You found it on level 6 of the Dungeon)
Jewellery
 f - a ring of magical power (left tentacle)
Wands
 x - a wand of lightning (15/15)
Scrolls
 e - 2 scrolls of remove curse
 i - 3 scrolls of teleportation
 n - a scroll of fog {unknown}
 o - a scroll of fear
 y - a scroll of recharging
 A - a scroll of identify
 B - a scroll of random uselessness {unknown}
 D - a scroll of amnesia {unknown}
Potions
 l - 3 potions of flight
 q - 2 potions of might
 s - a potion of invisibility {unknown}
 u - a potion of curing
 v - a potion of heal wounds {unknown}
 w - a potion of cure mutation {unknown}
Books
 p - a book of Flames

   Spells                             Type                      Level
   a - Flame Tongue                   Conjuration/Fire             1
   b - Throw Flame                    Conjuration/Fire             2
   c - Conjure Flame                  Conjuration/Fire             3
   d - Inner Flame                    Hexes/Fire                   3
   e - Sticky Flame                   Conjuration/Fire             4
   f - Fireball                       Conjuration/Fire             5
Comestibles
 b - 4 bread rations
 g - 5 fruits
 j - 7 meat rations
 r - 2 slices of pizza
 z - 3 chunks of flesh


   Skills:
 - Level 5.4 Fighting
 - Level 7.0 Short Blades
 - Level 2.3 Dodging
 * Level 8.6 Stealth
 * Level 0.8 Spellcasting
 * Level 0.8 Conjurations
 * Level 0.8 Fire Magic


You had 5 spell levels left.
You knew the following spells:

 Your Spells              Type           Power        Failure   Level  Hunger
a - Conjure Flame         Conj/Fire      #.......     38%         3    ####...


Dungeon Overview and Level Annotations

Branches:
Dungeon (6/15)             Temple (1/1) D:4

Altars:
Ashenzari
Cheibriados
Dithmenos
Fedhas
Hepliaklqana
Makhleb
Pakellas
Qazlal
Ru
Sif Muna


Innate Abilities, Weirdness & Mutations

You cannot wear most types of armour.
You are amphibious.
You can wear up to eight rings at the same time.
You can use your tentacles to constrict eight enemies at once.
Your skin changes colour to match your surroundings (Stealth+).
Your rubbery body absorbs attacks. (AC +1)
Your mind is acute. (Int +2)


Message History

* * * LOW HITPOINT WARNING * * *
You bump into the rock wall.
The orc warrior misses you.
You hit the orc warrior but do no damage.
There is a sudden explosion of sparks!
Your squeeze misses the orc warrior.
The orc warrior is almost dead.
The orc warrior hits you with a long sword!
* * * LOW HITPOINT WARNING * * *
You emit a cloud of colourful smoke!
You hit the orc warrior but do no damage.
There is a sudden explosion of sparks!
You kill the orc warrior!
You feel less invigorated.
You bump into the rock wall.
You feel less confused. The phantom completely misses you.
You hit the phantom but do no damage.
There is a sudden explosion of sparks!
The phantom is almost destroyed.
The phantom hits you!
You die... "Huh?
Did I miss anything?"

#.....#
#.###.##### ..#
#.........# .!#
# #.....###.#
..# ..
#.......#
..##.#
#.....#....
..§..
#.....##### ...
###.#########)#
#...>..§@W§.#
#############


You could see a phantom.

Vanquished Creatures
  Grinder (D:5)
  Menkaure (D:5)
  An orc warrior (D:6)
  An ogre (D:6)
  A centaur (D:5)
  A giant frog (D:6)
  A gnoll sergeant (D:5)
  A hound (D:5)
  2 orc priests
  10 orc wizards
  A giant frog skeleton (D:6)
  An iguana (D:5)
  A worker ant (D:6)
  5 gnolls (D:5)
  5 adders
  A shadow imp (D:5)
  3 worms (D:2)
  2 dart slugs
  2 giant geckos
  10 orcs
  5 bats
  5 giant cockroaches
  3 goblins
  18 hobgoblins
  13 jackals
  2 quokkas
  7 giant newts
  9 kobolds
  13 rats
126 creatures vanquished.

Vanquished Creatures (collateral kills)
  A hobgoblin (D:3)
1 creature vanquished.

Vanquished Creatures (others)
  An orc (D:6)
1 creature vanquished.

Grand Total: 128 creatures vanquished

Notes
Turn   | Place    | Note
--------------------------------------------------------------
     0 | D:1      | suvakkihuora the Octopode Chaos Knight began the quest for the Orb.
     0 | D:1      | Reached XP level 1. HP: 16/16 MP: 1/1
    84 | D:1      | Reached skill level 1 in Stealth
   103 | D:1      | Reached XP level 2. HP: 21/21 MP: 2/2
   164 | D:1      | XOM: harmless Ice miscast
   500 | D:1      | XOM: cast spell 'Statue Form'
   530 | D:1      | Reached skill level 2 in Stealth
   612 | D:1      | Reached XP level 3. HP: 23/26 MP: 3/3
   914 | D:2      | Found a hazy altar of Hepliaklqana.
  1105 | D:2      | XOM: god gift: shortbow {god gift}
  1411 | D:2      | XOM: 3-stop teleportation journey
  1491 | D:2      | Gained mutation: Your mind is acute. (Int +2) [potion of beneficial mutation]
  1505 | D:2      | XOM: polymorph hobgoblin -> giant cockroach
  1555 | D:2      | Found a sacrificial altar of Ru.
  1565 | D:2      | Reached skill level 3 in Stealth
  1565 | D:2      | Reached XP level 4. HP: 27/31 MP: 4/4
  2002 | D:2      | XOM: smoke on damage
  2041 | D:2      | XOM is BORED!
  2078 | D:2      | Found a blossoming altar of Fedhas.
  2113 | D:2      | Reached XP level 5. HP: 36/36 MP: 5/5
  2169 | D:2      | XOM: divination: magic mapping
  2321 | D:3      | XOM: cloud trail
  2433 | D:3      | XOM is BORED!
  2433 | D:3      | XOM: mild Ice miscast
  2444 | D:3      | XOM: enchant monster (good)
  2451 | D:3      | XOM: butterfly on damage
  2453 | D:3      | Reached skill level 4 in Stealth
  2691 | D:4      | Reached XP level 6. HP: 22/43 MP: 6/6
  2694 | D:4      | Found a staircase to the Ecumenical Temple.
  2698 | Temple   | Entered the Ecumenical Temple
  2842 | Temple   | XOM: butterfly on damage
  2885 | Temple   | XOM: cloud trail
  3145 | Temple   | Reached skill level 5 in Short Blades
  3212 | D:4      | Reached skill level 5 in Stealth
  3212 | D:4      | XOM: confusion (+ monsters)
  3288 | D:4      | Found an oddly glowing altar of Pakellas.
  3332 | D:4      | Found a deep blue altar of Sif Muna.
  3407 | D:4      | XOM: medium Hex miscast
  3426 | D:4      | XOM: torment (23/43 hp)
  3429 | D:4      | XOM: noise
  3595 | D:5      | Entered Level 5 of the Dungeon
  3627 | D:5      | Noticed Grinder
  3634 | D:5      | Killed Grinder
  3634 | D:5      | Reached skill level 6 in Stealth
  3634 | D:5      | Reached XP level 7. HP: 49/49 MP: 7/7
  3638 | D:5      | XOM: harmless Conj miscast
  3764 | D:5      | XOM: potion effect (might)
  3767 | D:5      | XOM: potion effect (agility)
  3826 | D:5      | XOM: potion effect (heal wounds)
  3834 | D:5      | XOM: smoke on damage
  3838 | D:5      | XOM: potion effect (curing)
  3847 | D:5      | XOM: harmless Conj miscast
  3936 | D:4      | XOM: harmless Erth miscast
  3972 | D:5      | XOM: silly message
  4042 | D:5      | Got a jewelled dagger
  4043 | D:5      | Identified the cursed +0 dagger "Keiboqo" {drain, rPois rF+ Str+4} (You found it on level 5 of the Dungeon)
  4091 | D:5      | XOM: silly message
  4142 | D:5      | Reached skill level 7 in Stealth
  4163 | D:5      | Noticed Menkaure
  4168 | D:5      | Killed Menkaure
  4228 | D:5      | Found a stormy altar of Qazlal.
  4230 | D:5      | Noticed a water elemental
  4231 | D:5      | Noticed a fire elemental
  4231 | D:5      | Noticed an air elemental
  4244 | D:5      | Reached skill level 5 in Fighting
  4244 | D:5      | Reached XP level 8. HP: 37/55 MP: 8/8
  4628 | D:6      | Found a burning altar of Makhleb.
  4662 | D:6      | Found a shattered altar of Ashenzari.
  4727 | D:6      | Found a snail-covered altar of Cheibriados.
  4732 | D:6      | Reached skill level 8 in Stealth
  4800 | D:6      | XOM: harmless Chrm miscast
  4816 | D:6      | XOM: fog
  4828 | D:6      | Found a shadowy altar of Dithmenos.
  4927 | D:6      | XOM is BORED!
  4927 | D:6      | XOM: confusion
  4930 | D:6      | XOM: mild Divn miscast
  4992 | D:6      | XOM is BORED!
  4992 | D:6      | XOM: mild Ice miscast
  5139 | D:6      | Learned a level 3 spell: Conjure Flame
  5156 | D:6      | XOM: chaos upgrade
  5164 | D:6      | XOM: confusion
  5170 | D:6      | XOM: destruction
  5173 | D:6      | XOM: smoke on damage
  5176 | D:6      | Slain by a phantom

Vault maps used:
D:1:      dpeg_arrival_tiny_b
D:2:      lemuel_crystal_altar, nicolae_ru_great_annihilating_truth,
          nicolae_overflow_hidden_temple, kennysheep_flooded_box,
          hangedman_decor_opposing
D:3:      first_bread
D:4:      lemuel_doored_altar, grunt_pakellas_basics
D:5:      nicolae_qazlal_style_of_elements, grunt_ministairs_8, uniq_menkaure,
          uniq_grinder
D:6:      overflow_temple_1_default, grunt_dithmenos_smoke, lemuel_round_altar,
          nicolae_ashenzari_panopticon
Temple:   minmay_temple_curvy_branch

Skill      XL: |  1  2  3  4  5  6  7  8 |
---------------+-------------------------+-----
Stealth        | 1 2 3 4 6 7 8 |  8.6
Short Blades   | 4 5 6 7 |  7.0
Fighting       | 4 5 |  5.4
Dodging        | |  2.3
Spellcasting   | |  0.8
Conjurations   | |  0.8
Fire Magic     | |  0.8

Action                   |  1- 3 |  4- 6 |  7- 9 || total
-------------------------+-------+-------+-------++-------
Melee: Short sword       |    84 |    74 |       ||   158
       Tentacles         |    12 |    13 |    14 ||    39
       Constrict         |    18 |    20 |    16 ||    54
       Dagger            |       |    20 |    93 ||   113
Throw: Tomahawk          |       |     1 |     4 ||     5
  Use: Scroll            |     4 |     3 |     8 ||    15
       Potion            |     1 |       |     1 ||     2
 Stab: Sleeping          |    10 |    14 |     7 ||    31
       Paralysed         |       |     1 |       ||     1
       Distracted        |       |       |     1 ||     1
  Eat: Chunk             |     2 |     5 |     5 ||    12
       Beef jerky        |       |     1 |       ||     1
Armor: Skin              |     9 |     7 |     2 ||    18
Dodge: Dodged            |    34 |    39 |    43 ||   116
